 Dungeon Crawl Stone Soup version 0.32-a0-975-g85d4e5bfdb (webtiles) character file.

Game seed: 13188450958471478659

1899 Gogs the Cleaver (level 8, 0/71 HPs)
             Began as a Mountain Dwarf Fighter on Apr 15, 2024.
             Was a Follower of Makhleb.
             Engulfed by a steam dragon's steam (12 damage)
             ... on level 8 of the Dungeon on Apr 18, 2024.
             The game lasted 00:37:48 (7682 turns).

Gogs the Cleaver (Mountain Dwarf Fighter)           Turns: 7682, Time: 00:37:48

Health: 0/71       AC: 20    Str: 22    XL:     8   Next: 93%
Magic:  11/11      EV:  4    Int:  8    God:    Makhleb [*.....]
Gold:   473        SH:  8    Dex:  9    Spells: 7/7 levels left

rFire   . . .        a - +1 war axe
rCold   + + .        k - +0 kite shield
rNeg    . . .        G - +0 plate armour
rPois   .            r - +0 helmet
rElec   .            B - +1 cloak
rCorr   .            h - +0 pair of gloves
SInv    .            m - +1 pair of boots
Will    .....        (no amulet) Stlth
                     p - ring of protection from cold
HPRegen 0.31/turn    y - ring of protection from cold
MPRegen 0.12/turn

%: no passive effects
@: no status effects
A: runic magic, artefact enchanting
a: Renounce Religion


You were on level 8 of the Dungeon.
You worshipped Makhleb.
Makhleb was aware of your devotion.
You visited 2 branches of the dungeon, and saw 9 of its levels.

You collected 473 gold pieces.

Inventory:

Hand Weapons
 a - a +1 war axe (weapon)
 b - a +1 hand axe of flaming
 w - a +0 sling
Missiles
 l - 28 stones (quivered)
 E - 8 poisoned darts
 F - 6 boomerangs
Armour
 h - a +0 pair of gloves (worn)
 k - a +0 kite shield (worn)
 m - a +1 pair of boots (worn)
 r - a +0 helmet (worn)
 B - a +1 cloak (worn)
 G - a +0 plate armour (worn)
Jewellery
 p - a ring of protection from cold (left hand)
 x - a ring of flight
 y - a ring of protection from cold (right hand)
Wands
 o - a wand of flame (39)
Scrolls
 i - 6 scrolls of teleportation
 q - a scroll of noise
 A - a scroll of silence
Potions
 d - a potion of attraction {unknown}
 e - 3 potions of magic {unknown}
 f - 2 potions of enlightenment {unknown}
 g - a potion of lignification {unknown}
 j - a potion of degeneration {unknown}
 n - 3 potions of heal wounds
 s - 3 potions of curing {unknown}
 t - a potion of mutation {unknown}
 u - a potion of berserk rage {unknown}
 v - 2 potions of brilliance {unknown}
 C - 2 potions of haste {unknown}
 D - a potion of invisibility {unknown}


   Skills:
 + Level 6.7 Fighting
 * Level 9.4 Axes
 + Level 6.4 Armour
 + Level 4.4 Shields
 - Level 5.0 Invocations


You had 7 spell levels left.
You didn't know any spells.
Your spell library contained the following spells:

 Spells                   Type           Power      Damage    Failure   Level
 Apportation              Tloc           0%         N/A       89%         1
 Foxfire                  Conj/Fire      0%         2x1d4     89%         1
 Shock                    Conj/Air       0%         1d3       89%         1
 Slow                     Hex            0%         N/A       89%         1
 Call Imp                 Summ           0%         N/A       96%         2
 Jinxbite                 Hex            0%         N/A       96%         2
 Sublimation of Blood     Necr           0%         N/A       96%         2
 Call Canine Familiar     Summ           0%         N/A       99%         3
 Confusing Touch          Hex            0%         N/A       99%         3
 Fugue of the Fallen      Necr           0%         N/A       99%         3
 Ozocubu's Armour         Ice            0%         N/A       99%         3
 Sigil of Binding         Hex            0%         N/A       99%         3
 Swiftness                Air            0%         N/A       99%         3
 Vampiric Draining        Necr           0%         2d6       99%         3
 Airstrike                Air            0%         2d(0-16)  100%        4
 Dimensional Bullseye     Hex/Tloc       0%         N/A       100%        4
 Alistair's Intoxication  Alch           0%         N/A       100%        5
 Plasma Beam              Fire/Air       0%         2x1d10    100%        6
 Starburst                Conj/Fire      0%         6d3       100%        6
 Manifold Assault         Tloc           0%         N/A       100%        7
 Summon Hydra             Summ           0%         N/A       100%        7


Dungeon Overview and Level Annotations

Branches:
Dungeon (8/15)             Temple (1/1) D:5
   Lair: D:8-11

Altars:
Ashenzari
Cheibriados
Dithmenos
Elyvilon
Fedhas
Gozag
Hepliaklqana
Makhleb
Nemelex Xobeh
Okawaru
Qazlal
Ru
Sif Muna
Trog
Vehumet
Wu Jian
Xom
Yredelemnul
Zin
The Shining One

Shops:
D:6 =


Innate Abilities, Weirdness & Mutations

Your spellcasting is much less encumbered by armour.
You can use scrolls of enchantment on lesser artefacts.


Message History

You slash the yak!
You kill the yak!
Makhleb accepts your kill.
You hit the yak. The yak gores you. The steam dragon breathes steam at you.
The ball of steam hits you!
You are too injured to fight recklessly!
You are too injured to fight recklessly!
You are too injured to fight recklessly!
You are too injured to fight recklessly!
The yak is engulfed in a cloud of scalding steam.
The yak gores you!
You slash the yak!
The yak is severely wounded.
You barely miss the steam dragon.
The yak is engulfed in a cloud of scalding steam.
The yak dies!
You block the steam dragon's attack.
The steam dragon claws you but does no damage.
You barely miss the steam dragon. You block the steam dragon's attack.
The steam dragon barely misses you. You block the steam dragon's attack.
The steam dragon claws you but does no damage.
You hit the steam dragon but do no damage.
The steam dragon bites you!
The steam dragon claws you but does no damage.
You hit the steam dragon but do no damage.
The steam dragon breathes steam at you. The ball of steam hits you!
* * * LOW HITPOINT WARNING * * *
You hit the steam dragon.
The steam dragon is lightly wounded.
You are engulfed in a cloud of scalding steam.
The steam dragon bites you but does no damage.
The steam dragon claws you but does no damage.
You block the steam dragon's attack. The steam dragon claws you.
* * * LOW HITPOINT WARNING * * *
You slash the steam dragon!
The steam dragon is heavily wounded.
You are engulfed in a cloud of scalding steam.
You die...

#.............
#.............
#............. ######
##....######..
##.....### ###.## ##.
.......§.####..# ######
.......§..##..#####.....
.......§§.##..##........
......D@§<#..###........
.......§.#...###........
............###.........
#...........# #.........
#..........## #.........
##.........# #.........
##......... #......)..
#...####### ###.......
### ######.#


You could see a steam dragon (catching breath).

Vanquished Creatures
  Grinder (D:4)
  2 yaks
  2 ogres
  A centaur (D:7)
  3 bullfrogs
  A gnoll sergeant (D:7)
  2 scorpions
  A bombardier beetle (D:6)
  A jelly (D:5)
  3 orc priests
  4 hounds
  A sleepcap (D:5)
  7 orc wizards
  Robin (D:3)
  5 gnolls
  8 adders
  A white imp (D:7)
  3 ribbon worms
  A dart slug (D:3)
  25 orcs
  8 endoplasms
  2 giant cockroaches
  15 goblins
  6 hobgoblins
  2 kobolds
  4 quokkas
  4 ball pythons
  2 frilled lizards
  2 rats
118 creatures vanquished.

Vanquished Creatures (others)
  A yak (D:8)
1 creature vanquished.

Grand Total: 119 creatures vanquished

Notes
Turn   | Place    | Note
-------+----------+-------------------------------------------
     0 | D:1      | Gogs the Mountain Dwarf Fighter began the quest for the
                  | Orb.
     0 | D:1      | Reached XP level 1. HP: 19/19 MP: 1/1
   292 | D:1      | Reached skill level 3 in Axes
   292 | D:1      | Reached XP level 2. HP: 26/26 MP: 2/2
  1090 | D:2      | Reached XP level 3. HP: 33/33 MP: 3/3
  1255 | D:2      | Reached skill level 4 in Axes
  1418 | D:2      | Found a faded altar of an unknown god.
  1605 | D:3      | Reached XP level 4. HP: 40/40 MP: 4/4
  1613 | D:3      | Noticed Robin
  1626 | D:3      | Killed Robin
  2260 | D:3      | Reached XP level 5. HP: 46/46 MP: 5/5
  2301 | D:3      | Upgraded the game from 0.32-a0-938-g40ac7a0f4d to
                  | 0.32-a0-975-g85d4e5bfdb
  2302 | D:4      | Found a radiant altar of Vehumet.
  3029 | D:4      | Noticed Grinder
  3063 | D:4      | Paralysed by Grinder for 5 turns
  3068 | D:4      | Killed Grinder
  3069 | D:4      | Reached skill level 6 in Axes
  3069 | D:4      | Reached XP level 6. HP: 39/55 MP: 6/6
  3154 | D:4      | Reached skill level 5 in Armour
  3686 | D:5      | Entered Level 5 of the Dungeon
  3785 | D:5      | Found a staircase to the Ecumenical Temple.
  3800 | D:5      | Reached skill level 5 in Fighting
  3972 | Temple   | Found a transporter.
  3972 | Temple   | Found a transporter.
  3972 | Temple   | Found a transporter.
  3972 | Temple   | Found a transporter.
  3972 | Temple   | Entered the Ecumenical Temple
  3996 | Temple   | Became a worshipper of Makhleb the Destroyer
  4247 | D:5      | Reached XP level 7. HP: 61/61 MP: 7/7
  4268 | D:5      | Reached skill level 1 in Invocations
  4297 | D:5      | Found a shimmering blue altar of Sif Muna.
  4717 | D:5      | Found an opulent altar of Gozag.
  4722 | D:5      | Reached skill level 7 in Axes
  4732 | D:5      | Found a shimmering altar of Xom.
  4761 | D:5      | Found a bloodstained altar of Trog.
  5533 | D:6      | Found a white marble altar of Elyvilon.
  5719 | D:6      | Identified the +4 ring mail "Dutsaupheb" {rPois rN+ Stlth+}
  6103 | D:6      | Found Xikexihe's Jewellery Boutique.
  6148 | D:6      | Reached XP level 8. HP: 67/70 MP: 11/11
  6172 | D:6      | Reached skill level 5 in Invocations
  6304 | D:7      | Reached skill level 8 in Axes
  6655 | D:7      | Found a sparkling altar of Nemelex Xobeh.
  7442 | D:8      | Reached * piety under Makhleb
  7479 | D:8      | Reached skill level 9 in Axes
  7682 | D:8      | Engulfed by a steam dragon's steam

Illustrated notes

Levels and vault maps discovered:
D:1:      dpeg_arrival_more_subterranean_lakeside_camping, layout_basic
D:2:      layout_basic, shapermc_ecumenical_altar_hornbeckon
D:3:      layout_basic, uniq_robin
D:4:      layout_layer_cave, nicolae_vehumet_radiance, uniq_grinder
D:5:      layout_basic, general_overflow_altar,
          mainiacjoe_overflow_small_starburst, jmf_multi_god_temple2,
          temple_fountains, nicolae_underground_beach
D:6:      layout_layer_cave, elyvilon_altar_3, serial_shops,
          kennysheep_mini_moat, nicolae_nh_ransacked_shop
D:7:      layout_rooms, nemelex_altar_shiori
D:8:      layout_cave_pods, nicolae_eternal_life, uniq_joseph
Temple:   hellmonk_temple_divided_pantheon

Skill      XL: |  1  2  3  4  5  6  7  8 |
---------------+-------------------------+-----
Axes           | 3 4 6 7 9 |  9.4
Armour         | 4 5 6 |  6.4
Fighting       | 4 5 6 |  6.7
Invocations    | 4 5 |  5.0
Shields        | 4 |  4.4

Action                     |  1- 3 |  4- 6 |  7- 9 || total
---------------------------+-------+-------+-------++-------
  Melee: War axe           |    83 |   105 |   176 ||   364
         Hand axe          |       |    19 |       ||    19
  Throw: Stone             |     5 |       |       ||     5
    Use: Scroll            |     4 |     3 |     5 ||    12
         Potion            |       |     1 |       ||     1
 Armour: Scale mail        |    59 |    48 |       ||   107
         Chain mail        |       |    41 |    21 ||    62
         Ring mail         |       |       |     9 ||     9
         Plate armour      |       |       |   152 ||   152
  Dodge: Dodged            |    24 |    46 |    40 ||   110
  Block: Buckler           |    21 |    19 |    21 ||    61
         Kite shield       |       |       |    38 ||    38

Table legend: (Time is in decaauts)
 A = Elapsed time spent in this place.
 B = Non-inter-level travel time spent in this place.
 C = Inter-level travel time spent in this place.
 D = Time resting spent in this place.
 E = Time spent auto-exploring this place.
 F = Levels seen in this place.
 G = Mean time per level.
                   A        B        C        D        E       F      G
               +--------+--------+--------+--------+--------+-----+--------+
         Total |   7796 |   7109 |    687 |    845 |   4616 |   9 |  866.2 |
       Dungeon |   7755 |   7068 |    687 |    845 |   4616 |   8 |  969.4 |
        Temple |     40 |     40 |      0 |      0 |      0 |   1 |   40.0 |
               +--------+--------+--------+--------+--------+-----+--------+

Top non-repeatable levels by time:
     D:4: 1540 daAuts
     D:6: 1455 daAuts
     D:5: 1032 daAuts
     D:1: 879 daAuts
     D:3: 869 daAuts
     D:7: 852 daAuts
     D:2: 718 daAuts
     D:8: 408 daAuts
  Temple: 40 daAuts
